Map: Romanticide LE

Players

ViBE - Winner!

  • Race: Protoss Protoss
  • League: Gold
  • Spawn Location: 5:00

chowsins

  • Race: Protoss Protoss
  • League: Master
  • Spawn Location: 11:00

VOD

Have the link to the VOD?

Description

Time

  • Played on: March 20, 2021, 12:46 a.m.
  • Length: 15:26
Show
View Real Time Build Order
Export as new Build Order

ViBE Protoss - Winner!

Build Orders: 1 Gate Expand, Archon Immortal 

Get SALT Encoding   

  12  0:00  Probe  
  13  0:12  Probe  
  14  0:18  Pylon  
  14  0:24  Probe  
  15  0:37  Probe (Chrono Boost)  
  15  0:38  Gateway  
  16  0:48  Probe (Chrono Boost), Assimilator  
  17  0:54  Probe (Chrono Boost)  
  18  1:03  Probe  
  19  1:15  Probe  
  20  1:27  Probe  
  20  1:32  Nexus  
  21  1:48  Cybernetics Core  
  21  1:51  Probe  
  22  1:56  Assimilator  
  22  2:00  Pylon  
  22  2:03  Probe  
  23  2:18  Probe (Chrono Boost)  
  23  2:21  Pylon  
  24  2:29  Stalker, Warp Gate  
  27  2:30  Probe (Chrono Boost)  
  27  2:36  Probe (Chrono Boost)  
  28  2:44  Shield Battery  
  28  2:45  Probe x2 (Chrono Boost)  
  30  2:55  Probe (Chrono Boost)  
  31  2:59  Probe (Chrono Boost), Sentry  
  31  3:00  Probe (Chrono Boost)  
  31  3:05  Gateway, Robotics Facility  
  35  3:10  Probe x2  
  37  3:27  Probe (Chrono Boost)  
  37  3:29  Probe (Chrono Boost)  
  37  3:39  Probe (Chrono Boost)  
  36  3:44  Probe (Chrono Boost)  
  36  3:46  Probe (Chrono Boost)  
  37  3:53  Probe (Chrono Boost)  
  37  3:59  Probe (Chrono Boost)  
  37  4:01  Immortal  
  42  4:09  Probe (Chrono Boost)  
  43  4:10  Probe (Chrono Boost)  
  43  4:16  Probe  
  42  4:19  Stalker x2  
  42  4:21  Probe  
  47  4:28  Probe, Nexus  
  48  4:33  Pylon  
  48  4:36  Probe  
  49  4:40  Probe  
  50  4:48  Probe (Chrono Boost)  
  50  4:52  Probe (Chrono Boost)  
  52  4:53  Assimilator  
  52  4:54  Assimilator  
  52  4:55  Immortal  
  56  5:00  Probe (Chrono Boost)  
  56  5:04  Probe (Chrono Boost)  
  58  5:08  Probe (Chrono Boost)  
  58  5:09  Stalker  
  58  5:10  Probe (Chrono Boost)  
  58  5:13  Pylon  
  62  5:17  Pylon  
  62  5:21  Pylon  
  57  5:36  Probe (Chrono Boost)  
  57  5:41  Probe (Chrono Boost)  
  58  5:46  Probe (Chrono Boost)  
  58  5:47  Probe (Chrono Boost)  
  60  5:50  Probe (Chrono Boost)  
  60  5:51  Probe (Chrono Boost)  
  60  5:53  Probe  
  62  6:00  Probe, Immortal  
  62  6:02  Probe  
  68  6:05  Stalker  
  68  6:06  Probe, Stalker  
  73  6:16  Probe x2 (Chrono Boost)  
  76  6:18  Probe (Chrono Boost)  
  76  6:28  Probe x2 (Chrono Boost)  
  76  6:30  Probe (Chrono Boost)  
  79  6:37  Probe x2 (Chrono Boost)  
  79  6:38  Probe (Chrono Boost)  
  82  6:41  Twilight Council  
  82  6:42  Forge  
  82  6:43  Forge  
  82  6:44  Probe  
  82  6:45  Probe x2, Gateway  
  85  6:47  Gateway  
  85  6:49  Observer  
  85  6:50  Gateway  
  85  6:51  Stalker  
  85  6:52  Stalker  
  90  6:56  Gateway  
  90  7:00  Pylon  
  89  7:13  Charge  
  89  7:15  Probe (Chrono Boost)  
  87  7:16  Probe (Chrono Boost), Protoss Ground Armor Level 1 (Chrono Boost)  
  87  7:21  Probe (Chrono Boost)  
  88  7:26  Probe x2 (Chrono Boost), Protoss Ground Weapons Level 1 (Chrono Boost)  
  91  7:30  Probe (Chrono Boost)  
  91  7:31  Pylon, Immortal  
  91  7:32  Stalker x2  
  91  7:35  Pylon  
  99  7:40  Probe  
  99  7:41  Probe  
  101  7:47  Probe  
  102  7:53  Probe x2  
  102  7:58  Templar Archives  
  104  7:59  Pylon, Nexus  
  104  8:02  Pylon, Zealot x5  
  104  8:03  Zealot  
  104  8:05  Pylon  
  116  8:25  Assimilator  
  116  8:26  Assimilator  
  116  8:28  Probe x3  
  119  8:40  Probe x2  
  119  8:41  Probe  
  122  8:46  Zealot x2  
  122  8:47  Zealot x3  
  132  8:49  Immortal  
  132  8:50  Zealot  
  138  9:00  Gateway  
  138  9:02  Gateway  
  138  9:04  Gateway  
  138  9:06  Gateway  
  138  9:10  Probe  
  138  9:11  Probe x2  
  138  9:16  Probe  
  142  9:20  Protoss Ground Weapons Level 2 (Chrono Boost)  
  142  9:21  Protoss Ground Armor Level 2 (Chrono Boost)  
  142  9:22  Probe  
  142  9:23  Probe x2  
  145  9:24  High Templar  
  145  9:25  High Templar x2  
  145  9:26  High Templar x3  
  145  9:28  Probe  
  145  9:30  Nexus  
  158  9:31  Pylon  
  158  9:35  Pylon  
  158  9:38  Pylon  
  158  9:45  Archon x3  
  155  9:47  Observer  
  150  9:56  Photon Cannon  
  150  9:58  Photon Cannon  
  150  9:59  Shield Battery  
  150  10:00  Photon Cannon  
  150  10:04  Photon Cannon, Shield Battery  
  150  10:05  Photon Cannon  
  150  10:07  Photon Cannon  
  150  10:08  Probe  
  150  10:09  Probe x3, Shield Battery  
  154  10:18  Photon Cannon  
  154  10:20  Probe, Photon Cannon  
  155  10:25  Shield Battery  
  155  10:33  Zealot x4  
  155  10:34  Photon Cannon, Zealot x3  
  155  10:35  Zealot x3  
  175  10:36  Photon Cannon  
  175  10:39  Shield Battery  
  175  10:42  Pylon  
  175  10:45  Pylon  
  175  10:47  Assimilator  
  175  10:49  Assimilator  
  175  10:51  Pylon, Immortal  
  179  11:04  Pylon  
  179  11:06  High Templar  
  179  11:07  High Templar x6  
  179  11:08  High Templar x3, Pylon  
  199  11:11  Archon, Pylon  
  199  11:12  Archon x3  
  199  11:13  Archon  
  199  11:34  Protoss Ground Armor Level 3 (Chrono Boost), Protoss Ground Weapons Level 3 (Chrono Boost)  
  199  12:01  Robotics Facility  
  199  12:08  Gateway x2  
  199  12:11  Gateway  
  199  12:12  Gateway  
  199  12:13  Gateway  
  199  12:14  Gateway  
  199  12:15  Gateway x2  
  199  12:17  Gateway x2  
  199  12:21  Gateway  
  199  12:25  Gateway  
  178  12:44  Zealot  
  178  12:45  Zealot x3  
  178  12:46  Zealot x5  
  178  12:47  Zealot  
  178  12:49  Pylon  
  180  12:56  Probe  
  180  12:57  Probe x4  
  179  13:01  Photon Cannon  
  179  13:02  Photon Cannon  
  173  13:09  Probe x5  
  174  13:12  High Templar  
  174  13:13  High Templar x3  
  174  13:14  High Templar x5  
  174  13:15  High Templar x4  
  174  13:18  Shield Battery  
  200  13:20  Archon  
  200  13:21  Archon x4  
  200  13:22  Archon, Nexus  
  200  13:23  Pylon  
  200  13:26  Pylon  
  200  13:39  Unknown  
  200  13:44  Photon Cannon  
  200  13:46  Photon Cannon  
  200  13:47  Shield Battery  
  190  14:11  Immortal x2  
  190  14:12  Zealot  
  196  14:22  Dark Shrine  
Show
View Real Time Build Order
Export as new Build Order

chowsins Protoss 

Build Orders:  

Get SALT Encoding   

  12  0:00  Probe  
  13  0:12  Probe  
  14  0:19  Pylon  
  14  0:25  Probe  
  15  0:42  Gateway  
  15  0:45  Probe  
  16  0:52  Assimilator  
  16  0:58  Probe  
  17  1:15  Probe  
  18  1:28  Probe  
  19  1:35  Cybernetics Core  
  19  1:37  Gateway  
  19  1:54  Pylon  
  19  1:56  Probe  
  20  2:06  Nexus  
  22  2:16  Probe  
  22  2:20  Adept (Chrono Boost)  
  23  2:26  Assimilator  
  23  2:28  Probe, Adept (Chrono Boost)  
  26  2:46  Pylon  
  26  2:49  Probe  
  27  2:58  Stalker  
  29  2:59  Stalker  
  31  3:06  Shield Battery  
  31  3:17  Stargate  
  31  3:27  Probe x2  
  33  3:39  Probe  
  32  3:55  Probe x2, Warp Gate (Chrono Boost)  
  34  4:07  Probe x2  
  34  4:27  Oracle (Chrono Boost)  
  37  4:38  Probe (Chrono Boost)  
  39  4:39  Probe (Chrono Boost)  
  39  4:41  Stalker (Chrono Boost)  
  39  4:43  Robotics Facility  
  43  4:48  Probe (Chrono Boost)  
  43  4:49  Probe (Chrono Boost)  
  43  4:50  Shield Battery, Stalker (Chrono Boost)  
  45  4:53  Probe x2 (Chrono Boost)  
  47  5:06  Shield Battery  
  47  5:13  Forge  
  47  5:16  Gateway  
  47  5:21  Gateway  
  47  5:23  Pylon  
  47  5:33  Pylon  
  47  5:38  Stalker x2  
  47  5:41  Protoss Ground Weapons Level 1 (Chrono Boost)  
  47  5:42  Oracle (Chrono Boost)  
  54  5:50  Immortal (Chrono Boost)  
  58  6:17  Gateway  
  58  6:20  Twilight Council  
  58  6:22  Immortal (Chrono Boost)  
  62  6:29  Stalker  
  64  6:33  Zealot  
  64  6:39  Probe x2  
  68  6:41  Assimilator  
  68  6:43  Assimilator  
  68  6:48  Phoenix  
  70  7:04  Pylon  
  70  7:06  Pylon  
  70  7:08  Warp Prism  
  70  7:09  Probe  
  70  7:10  Pylon  
  70  7:22  Probe x2  
  72  7:34  Probe  
  72  7:36  Dark Shrine  
  73  7:47  Probe x2  
  73  7:49  Stalker x2  
  73  7:50  Stalker  
  81  7:51  Sentry  
  81  7:54  Immortal  
  81  7:55  Pylon  
  87  7:58  Pylon  
  87  7:59  Probe x2  
  87  8:01  Pylon  
  87  8:02  Nexus  
  89  8:34  Probe x2  
  89  8:39  Shield Battery, Blink (Chrono Boost), Sentry  
  89  8:40  Shield Battery  
  93  8:41  Protoss Ground Weapons Level 2 (Chrono Boost)  
  93  8:46  Probe x2  
  95  9:03  Assimilator  
  95  9:06  Assimilator  
  95  9:08  Observer (Chrono Boost)  
  96  9:15  Shield Battery  
  96  9:20  Probe x3  
  96  9:22  Observer (Chrono Boost)  
  100  9:26  Dark Templar  
  100  9:27  Dark Templar x2  
  100  9:29  Zealot  
  100  9:30  Zealot  
  110  9:32  Probe  
  107  9:58  Dark Templar x2  
  105  10:21  Gateway  
  105  10:22  Gateway  
  105  10:24  Gateway x2  
  105  10:27  Pylon  
  105  10:30  Charge (Chrono Boost)  
  105  10:32  Pylon  
  105  10:34  Void Ray (Chrono Boost)  
  105  10:36  Stalker  
  105  10:37  Stalker x2  
  105  10:38  Stalker x2  
  105  10:42  Forge  
  119  11:04  Templar Archives, Void Ray  
  119  11:09  Robotics Bay  
  119  11:42  Protoss Shields Level 1 (Chrono Boost)  
  117  12:01  Zealot x2  
  117  12:02  Zealot x7  
  135  12:13  Pylon  
  135  12:17  Pylon  
  135  12:19  Pylon  
  135  12:22  Pylon  
  129  12:25  Pylon  
  122  12:34  Stalker x3  
  122  12:35  Stalker x5  
  122  12:36  Stalker  
  53  13:05  Zealot x4  
  59  13:06  Zealot x3  
  19  13:28  Dark Templar x4  
  19  13:29  Void Ray, Dark Templar x3  
  37  13:42  Gateway x2  
  37  13:44  Gateway  
  37  13:47  Photon Cannon  
  37  13:49  Photon Cannon  
  37  13:52  Photon Cannon  
  37  13:53  Photon Cannon  
  35  13:56  Photon Cannon  
Tags
 
Composition
Archon Immortal
Matchup
PvP
Player
ViBE
Replay Pack
Gold_League
Spawn Locations
Cross Positions
Add a new tag
Caveats
  • Supply blocks, unpowered buildings, or Contaminate may cause inaccurate times.
  • Supply counts are checked every 10 seconds.